EVO
VANDERBILT UNIVERSITY COMMODORES @ UCLA BRUINS
11/12/2047
 
TOP OF THE 1ST
Vanderbilt University Commodores batting - Pitching for UCLA Bruins : LHP Honor Munoz
Pitching: LHP Honor Munoz
Batting: RHB Ryan Cole 0-0: Foul Ball, location: 2F
0-1: Called Strike
0-2: Ball
1-2: Foul Ball, location: 2F
1-2: Foul Ball, location: 2F
1-2: Strikes out swinging
Batting: LHB Dennis French 0-0: Called Strike
0-1: Ball
1-1: Ball
2-1: Foul Ball, location: 2F
2-2: Fly out, F9 (Flyball, 9LM, EV 94.4 MPH)
Batting: RHB Jose Ramos 0-0: Ball
1-0: Ball
2-0: Ball
3-0: Base on Balls
Batting: RHB Jelani Griffin 0-0: Ball
1-0: Ball
2-0: Called Strike
2-1: Ball
3-1: Base on Balls
Jose Ramos to second
Batting: LHB Tony Olmos 0-0: Ball
1-0: Foul Ball, location: 2F
1-1: Fly out, F2 (Popup, 3SF, EV 73.8 MPH)
Top of the 1st over - 0 runs, 0 hits, 0 errors, 2 left on base; Vanderbilt University 0 - UCLA 0
BOTTOM OF THE 1ST
UCLA Bruins batting - Pitching for Vanderbilt University Commodores : RHP Milutin Mladjenovic
Pitching: RHP Milutin Mladjenovic
Batting: SHB Dan Trainer 0-0: Ball
1-0: Foul Ball, location: 2F
1-1: Fly out, F8 (Flyball, 8LS, EV 98.8 MPH)
Batting: RHB Ken Hillman 0-0: Swinging Strike
0-1: Foul Ball, location: 2F
0-2: Ball
1-2: Ball
2-2: Fly out, F9 (Flyball, 9D, EV 83.1 MPH)
Batting: RHB Issac Konol 0-0: Foul Ball, location: 2F
0-1: Called Strike
0-2: SINGLE (Groundball, 56D, EV 101.9 MPH)
Batting: SHB Sean Munns 0-0: Ball
1-0: Called Strike
1-1: Ball
2-1: SINGLE (Line Drive, 6D, EV 105.0 MPH)
Issac Konol to second
Batting: RHB Andy Knerr 0-0: Fielders Choice at 2nd, 6-4 (Groundball, 6, EV 103.8 MPH)
Bottom of the 1st over - 0 runs, 2 hits, 0 errors, 2 left on base; Vanderbilt University 0 - UCLA 0
TOP OF THE 2ND
Vanderbilt University Commodores batting - Pitching for UCLA Bruins : LHP Honor Munoz
Batting: RHB Mel Bohorquez 0-0: Ball
1-0: Ball
2-0: Ground out U3 (Groundball, 3, EV 90.6 MPH)
Batting: LHB Ryan Adams 0-0: Called Strike
0-1: Called Strike
0-2: Ball
1-2: Ball
2-2: Ground out 3-1 (Groundball, 13, EV 90.6 MPH)
Batting: RHB Ryan Wright 0-0: Ball
1-0: Foul Ball, location: 2F
1-1: SINGLE (Flyball, 3D, EV 86.2 MPH)
Batting: LHB Garret Mathis 0-0: Called Strike
0-1: Ball
1-1: SINGLE (Groundball, 5D, EV 96.9 MPH)
Ryan Wright to second
Batting: RHB Ryan Cole 0-0: Called Strike
0-1: Foul Ball, location: 2F
0-2: Foul Ball, location: 2F
0-2: Ball
1-2: Foul Ball, location: 2F
1-2: Strikes out swinging
Top of the 2nd over - 0 runs, 2 hits, 0 errors, 2 left on base; Vanderbilt University 0 - UCLA 0
BOTTOM OF THE 2ND
UCLA Bruins batting - Pitching for Vanderbilt University Commodores : RHP Milutin Mladjenovic
Batting: LHB Mark Cummings 0-0: Ball
1-0: Ball
2-0: Called Strike
2-1: Ball
3-1: Called Strike
3-2: Ground out 6-3 (Groundball, 56, EV 103.8 MPH)
Batting: LHB Scott Mullett 0-0: Ball
1-0: Called Strike
1-1: Foul Ball, location: 2F
1-2: Strikes out swinging
Batting: RHB Dave Spradley 0-0: Called Strike
0-1: Ball
1-1: Ground out 1-3 (Groundball, 13, EV 63.1 MPH)
Bottom of the 2nd over - 0 runs, 0 hits, 0 errors, 0 left on base; Vanderbilt University 0 - UCLA 0
TOP OF THE 3RD
Vanderbilt University Commodores batting - Pitching for UCLA Bruins : LHP Honor Munoz
Batting: LHB Dennis French 0-0: Ball
1-0: Ball
2-0: Ball
3-0: Called Strike
3-1: Fly out, F8 (Flyball, 8RM, EV 95.6 MPH)
Batting: RHB Jose Ramos 0-0: Ball
1-0: Foul Ball, location: 2F
1-1: Ball
2-1: Ball
3-1: Called Strike
3-2: Base on Balls
Batting: RHB Jelani Griffin 0-0: Ball
1-0: SINGLE (Groundball, 34S, EV 60.0 MPH) (infield hit)
Jose Ramos to second
Batting: LHB Tony Olmos 0-0: Called Strike
0-1: Called Strike
0-2: Grounds into double play, 4-6-3 (Groundball, 4M, EV 110.0 MPH)
Top of the 3rd over - 0 runs, 1 hit, 0 errors, 1 left on base; Vanderbilt University 0 - UCLA 0
BOTTOM OF THE 3RD
UCLA Bruins batting - Pitching for Vanderbilt University Commodores : RHP Milutin Mladjenovic
Batting: RHB Michael Alvarado 0-0: Ball
1-0: Ground out 5-3 (Groundball, 56, EV 88.8 MPH)
Batting: SHB Dan Trainer 0-0: Ball
1-0: Foul Ball, location: 2F
1-1: Swinging Strike
1-2: Ball
2-2: SINGLE (Groundball, 4MD, EV 102.5 MPH)
Batting: RHB Ken Hillman 0-0: Ball
1-0: Grounds into double play, 5-4-3 (Groundball, 5S, EV 82.5 MPH)
Bottom of the 3rd over - 0 runs, 1 hit, 0 errors, 0 left on base; Vanderbilt University 0 - UCLA 0
TOP OF THE 4TH
Vanderbilt University Commodores batting - Pitching for UCLA Bruins : LHP Honor Munoz
Batting: RHB Mel Bohorquez 0-0: Called Strike
0-1: Ground out 6-3 (Groundball, 6MD, EV 90.6 MPH)
Batting: LHB Ryan Adams 0-0: Ball
1-0: Ball
2-0: Ball
3-0: Base on Balls
Batting: RHB Ryan Wright 0-0: Ball
1-0: Foul Ball, location: 2F
1-1: Swinging Strike
1-2: Ball
2-2: Ball
3-2: SINGLE (Groundball, 6MD, EV 103.8 MPH)
Ryan Adams to second
Batting: LHB Garret Mathis 0-0: Called Strike
0-1: Ball
1-1: Ball
2-1: Ball
3-1: Grounds into double play, 4-6-3 (Groundball, 4, EV 91.9 MPH)
Top of the 4th over - 0 runs, 1 hit, 0 errors, 1 left on base; Vanderbilt University 0 - UCLA 0
BOTTOM OF THE 4TH
UCLA Bruins batting - Pitching for Vanderbilt University Commodores : RHP Milutin Mladjenovic
Batting: RHB Issac Konol 0-0: SINGLE (Groundball, 56, EV 97.5 MPH)
Batting: SHB Sean Munns 0-0: Ball
1-0: Ball
2-0: Ball
3-0: Called Strike
3-1: Fly out, F8 (Flyball, 8LM, EV 90.0 MPH)
Batting: RHB Andy Knerr 0-0: Fly out, F7 (Flyball, 7S, EV 93.1 MPH)
Batting: LHB Mark Cummings 0-0: Ball
1-0: Ball
2-0: Ball
3-0: Called Strike
3-1: Foul Ball, location: 2F
3-2: DOUBLE (Line Drive, 9LM, EV 98.1 MPH)
Issac Konol to third
Issac Konol scores
Batting: LHB Scott Mullett 0-0: Foul Ball, location: 2F
0-1: Ball
1-1: Ball
2-1: Foul Ball, location: 2F
2-2: Strikes out looking
Bottom of the 4th over - 1 run, 2 hits, 0 errors, 1 left on base; Vanderbilt University 0 - UCLA 1
TOP OF THE 5TH
Vanderbilt University Commodores batting - Pitching for UCLA Bruins : LHP Honor Munoz
Batting: RHB Ryan Cole 0-0: Called Strike
0-1: Ball
1-1: Ball
2-1: Fly out, F8 (Line Drive, 8RD, EV 92.5 MPH)
Pitching: RHP Juan Zatarain
Batting: LHB Dennis French 0-0: Ball
1-0: Called Strike
1-1: Foul Ball, location: 2F
1-2: Ball
2-2: Foul Ball, location: 2F
2-2: Strikes out swinging
Batting: RHB Jose Ramos 0-0: Ball
1-0: DOUBLE (Line Drive, 7LM, EV 98.1 MPH)
Batting: RHB Jelani Griffin 0-0: Ball
1-0: Ball
2-0: Called Strike
2-1: Called Strike
2-2: Foul Ball, location: 2F
2-2: Strikes out swinging
Top of the 5th over - 0 runs, 1 hit, 0 errors, 1 left on base; Vanderbilt University 0 - UCLA 1
BOTTOM OF THE 5TH
UCLA Bruins batting - Pitching for Vanderbilt University Commodores : RHP Milutin Mladjenovic
Batting: RHB Dave Spradley 0-0: Called Strike
0-1: Ball
1-1: Hit by Pitch
Batting: RHB Michael Alvarado 0-0: Ball
1-0: Sac Bunt to 25 - play at second, runner OUT! 5-6
Batting: SHB Dan Trainer 0-0: Called Strike
0-1: Ball
1-1: Ball
2-1: Foul Ball, location: 2F
2-2: Ball
3-2: DOUBLE (Flyball, 78XD, EV 102.5 MPH)
Michael Alvarado to third
Batting: RHB Ken Hillman 0-0: Called Strike
0-1: Hit by Pitch
Batting: RHB Issac Konol 0-0: Ball
1-0: Foul Ball, location: 2F
1-1: SINGLE (Groundball, 56D, EV 95.0 MPH)
Michael Alvarado scores
Dan Trainer to third
Ken Hillman to second
Runner from 3rd tries for Home, SAFE, throw by LF to home
Batting: SHB Sean Munns 0-0: Ball
1-0: Foul Ball, location: 2F
1-1: Called Strike
1-2: Grounds into double play, 5-4-3 (Groundball, 56, EV 106.2 MPH)
Bottom of the 5th over - 2 runs, 2 hits, 0 errors, 1 left on base; Vanderbilt University 0 - UCLA 3
TOP OF THE 6TH
Vanderbilt University Commodores batting - Pitching for UCLA Bruins : RHP Juan Zatarain
Batting: LHB Tony Olmos 0-0: Ground out U3 (Groundball, 3, EV 84.4 MPH)
Batting: RHB Mel Bohorquez 0-0: Called Strike
0-1: Ball
1-1: Foul Ball, location: 2F
1-2: Strikes out swinging
Batting: LHB Ryan Adams 0-0: Called Strike
0-1: Ball
1-1: Ball
2-1: Ball
3-1: Fly out, F9 (Line Drive, 9S, EV 100.0 MPH)
Top of the 6th over - 0 runs, 0 hits, 0 errors, 0 left on base; Vanderbilt University 0 - UCLA 3
BOTTOM OF THE 6TH
UCLA Bruins batting - Pitching for Vanderbilt University Commodores : RHP Milutin Mladjenovic
Batting: RHB Andy Knerr 0-0: Ball
1-0: Foul Ball, location: 2F
1-1: SINGLE (Line Drive, 78M, EV 101.2 MPH)
Batting: LHB Mark Cummings 0-0: Called Strike
0-1: Ball
1-1: Called Strike
Andy Knerr steals 2nd base
1-2: Ball
2-2: Fly out, F8 (Line Drive, 8RD, EV 95.6 MPH)
Runner from 2nd tags up, SAFE at 3rd with throw by CF
Batting: LHB Scott Mullett 0-0: Intentional Walk
Pitching: RHP Tyler Patel
Batting: RHB Dave Spradley 0-0: Grounds into double play, 5-4-3 (Groundball, 56, EV 103.1 MPH)
Bottom of the 6th over - 0 runs, 1 hit, 0 errors, 1 left on base; Vanderbilt University 0 - UCLA 3
TOP OF THE 7TH
Vanderbilt University Commodores batting - Pitching for UCLA Bruins : RHP Juan Zatarain
Pitching: RHP Luis de Jesus
Batting: RHB Ryan Wright 0-0: Ball
1-0: Ball
2-0: Swinging Strike
2-1: SINGLE (Groundball, 34D, EV 108.8 MPH)
Batting: LHB Garret Mathis 0-0: Ball
1-0: Foul Ball, location: 2F
1-1: Ball
2-1: Fly out, F9 (Flyball, 9D, EV 103.1 MPH)
Batting: RHB Ryan Cole 0-0: Ball
1-0: Foul Ball, location: 2F
1-1: Ball
2-1: Grounds into double play, 6-4-3 (Groundball, 6, EV 87.5 MPH)
Top of the 7th over - 0 runs, 1 hit, 0 errors, 0 left on base; Vanderbilt University 0 - UCLA 3
BOTTOM OF THE 7TH
UCLA Bruins batting - Pitching for Vanderbilt University Commodores : RHP Tyler Patel
Batting: RHB Michael Alvarado 0-0: Ball
1-0: Foul Ball, location: 2F
1-1: Foul Ball, location: 2F
1-2: Ball
2-2: Ball
3-2: Base on Balls
Batting: SHB Dan Trainer 0-0: Ball
1-0: Ball
2-0: Fly out, F7 (Flyball, 78S, EV 80.0 MPH)
Batting: RHB Ken Hillman 0-0: Foul Ball, location: 2F
0-1: Ball
1-1: Fielders Choice at 2nd, 1-4 (Groundball, 25, EV 70.0 MPH)
Batting: RHB Issac Konol 0-0: Ball
1-0: Ball
2-0: Fly out, F8 (Flyball, 89D, EV 103.8 MPH)
Bottom of the 7th over - 0 runs, 0 hits, 0 errors, 1 left on base; Vanderbilt University 0 - UCLA 3
TOP OF THE 8TH
Vanderbilt University Commodores batting - Pitching for UCLA Bruins : RHP Luis de Jesus
Batting: LHB Dennis French 0-0: Called Strike
0-1: Ball
1-1: Ball
2-1: Fly out, F5 (Popup, 5S, EV 82.5 MPH)
Batting: RHB Jose Ramos 0-0: Ball
1-0: Foul Ball, location: 2F
1-1: Called Strike
1-2: Foul Ball, location: 2F
1-2: Ball
2-2: SINGLE (Line Drive, 9LS, EV 91.9 MPH)
Batting: RHB Jelani Griffin 0-0: Ball
1-0: Swinging Strike
1-1: Foul Ball, location: 2F
1-2: Strikes out swinging
Pitching: LHP Brad Victor
Batting: LHB Tony Olmos 0-0: Ball
1-0: Ball
2-0: Ball
3-0: Base on Balls
Jose Ramos to second
Pitching: LHP Joe Landgraff
Batting: RHB Mel Bohorquez 0-0: Ball
1-0: Ball
2-0: Ball
3-0: Base on Balls
Jose Ramos to third
Tony Olmos to second
Batting: LHB Ryan Adams 0-0: Called Strike
0-1: Reached on error, E4 (Groundball, 4D, EV 102.5 MPH)
Jose Ramos scores
Tony Olmos to third
Mel Bohorquez to second
Batting: RHB Ryan Wright 0-0: Ball
1-0: Ball
2-0: Swinging Strike
2-1: SINGLE (Line Drive, 3D, EV 97.5 MPH)
Tony Olmos scores
Mel Bohorquez to third
Ryan Adams to second
Runner from 3rd tries for Home, SAFE, throw by RF to home
Batting: LHB Garret Mathis 0-0: Ground out U3 (Groundball, 3L, EV 86.2 MPH)
Top of the 8th over - 3 runs, 2 hits, 1 error, 2 left on base; Vanderbilt University 3 - UCLA 3
BOTTOM OF THE 8TH
UCLA Bruins batting - Pitching for Vanderbilt University Commodores : RHP Tyler Patel
Batting: SHB Sean Munns 0-0: Called Strike
0-1: Foul Ball, location: 2F
0-2: Strikes out looking
Batting: RHB Andy Knerr 0-0: Foul Ball, location: 2F
0-1: Ball
1-1: Foul Ball, location: 2F
1-2: Foul Ball, location: 2F
1-2: Foul Ball, location: 2F
1-2: Hit by Pitch
Batting: LHB Mark Cummings 0-0: Called Strike
Andy Knerr steals 2nd base
0-1: Ball
1-1: Ball
2-1: Ball
3-1: Called Strike
3-2: Base on Balls
Pitching: LHP Ron Rubino
Batting: LHB Scott Mullett 0-0: Called Strike
0-1: Ball
1-1: Fly out, F7 (Flyball, 7, EV 78.8 MPH)
Pitching: LHP Tim Dyer
Batting: RHB Dave Spradley 0-0: Swinging Strike
0-1: Fly out, F7 (Line Drive, 7LM, EV 99.4 MPH)
Bottom of the 8th over - 0 runs, 0 hits, 0 errors, 2 left on base; Vanderbilt University 3 - UCLA 3
TOP OF THE 9TH
Vanderbilt University Commodores batting - Pitching for UCLA Bruins : LHP Joe Landgraff
Batting: RHB Ryan Cole 0-0: Ball
1-0: Fly out, F7 (Line Drive, 7S, EV 86.2 MPH)
Batting: RHB Paul Johnson 0-0: Foul Ball, location: 2F
0-1: Ground out 6-3 (Groundball, 6, EV 101.2 MPH)
Batting: RHB Jose Ramos 0-0: Swinging Strike
0-1: Ball
1-1: Swinging Strike
1-2: Ball
2-2: Foul Ball, location: 2F
2-2: Strikes out looking
Top of the 9th over - 0 runs, 0 hits, 0 errors, 0 left on base; Vanderbilt University 3 - UCLA 3
BOTTOM OF THE 9TH
UCLA Bruins batting - Pitching for Vanderbilt University Commodores : LHP Tim Dyer
Batting: RHB Michael Alvarado 0-0: Foul Ball, location: 2F
0-1: Called Strike
0-2: Ground out 4-3 (Groundball, 4M, EV 106.2 MPH)
Batting: SHB Dan Trainer 0-0: Foul Ball, location: 2F
0-1: Ball
1-1: Foul Ball, location: 2F
1-2: Ball
2-2: Ball
3-2: Foul Ball, location: 2F
3-2: Base on Balls
Pinch Hitting: SHB Mike Beck 0-0: Called Strike
0-1: Called Strike
0-2: Strikes out swinging
Batting: RHB Issac Konol 0-0: Ball
1-0: DOUBLE (Line Drive, 78D, EV 105.0 MPH)
Dan Trainer to third
Runner from 3rd tries for Home, SAFE, throw by CF to home
Bottom of the 9th over - 1 run, 1 hit, 0 errors, 1 left on base; Vanderbilt University 3 - UCLA 4
Thursday, December 15th , 2022 - OOTP Baseball 23.9 Build 102